[Event "45th FIDE Olympiad 2024"]
[Site "Budapest"]
[Date "2024.09.13"]
[Round "3.174"]
[White "Pasko, Llambi"]
[Black "Birhanu, Tegegn Mehadem"]
[Result "1-0"]
[ECO "E22"]
[WhiteElo "2396"]
[BlackElo "2077"]
[Annotator "RC"]
[PlyCount "71"]
[EventDate "2024.09.05"]
[EventType "team-tourn"]
[EventCountry "HUN"]
[SourceTitle "playchess.com"]
[Source "ChessBase"]
[SourceQuality "1"]
[WhiteTeam "Albania"]
[BlackTeam "Ethiopia"]
[WhiteTeamCountry "ALB"]
[BlackTeamCountry "ETH"]
[TimeControl "40/5400+30:1800+30"]

1. d4 d5 2. c4 e6 3. Nf3 Nf6 4. Nc3 Bb4 5. Qb3 Nc6 6. Bg5 O-O 7. e3 a5 8. a3 Bxc3+ 9. Qxc3 h6 10. Bxf6 Qxf6 11. Bd3 Bd7 12. O-O Rfe8 13. e4 dxe4 14. Bxe4 Qf4 15. Rfe1 Rad8 16. g3 Qf6 17. Rad1 b6 18. Bc2 Bc8 19. Ba4 Bd7 20. Bc2 Bc8 21. Be4 Bd7 22. b4 axb4 23. axb4 Qe7 24. Rb1 Qf6 25. b5 Ne7 26. Ne5 Nf5 27. Rbd1 Bc8 28. f4 Nd6 29. Bc6 Re7 30. Rd2 Qf5 31. c5 Ne8 32. Be4 Qf6 33. Ng4 Red7 34. Nxf6+ Nxf6 35. Bc6 Re7 36. d5 1-0

[Event "45th FIDE Olympiad 2024"]
[Site "Budapest"]
[Date "2024.09.13"]
[Round "3.175"]
[White "Tsige, Addisalem Temesgen"]
[Black "Veleshnja, Zino"]
[Result "0-1"]
[ECO "A45"]
[WhiteElo "2068"]
[BlackElo "2294"]
[Annotator "RC"]
[PlyCount "116"]
[EventDate "2024.09.05"]
[EventType "team-tourn"]
[EventCountry "HUN"]
[SourceTitle "playchess.com"]
[Source "ChessBase"]
[SourceQuality "1"]
[WhiteTeam "Ethiopia"]
[BlackTeam "Albania"]
[WhiteTeamCountry "ETH"]
[BlackTeamCountry "ALB"]
[TimeControl "40/5400+30:1800+30"]

1. d4 Nf6 2. Bf4 c6 3. c3 Qb6 4. Qb3 d6 5. Nd2 Be6 6. Qc2 g6 7. Ngf3 Nh5 8. Bg5 h6 9. Bh4 g5 10. Bg3 f5 11. e3 Bg7 12. Bc4 Bxc4 13. Nxc4 Qa6 14. Qxf5 Qxc4 15. Nd2 Qd5 16. Qc8+ Kf7 17. Qxb7 Nd7 18. Qxd7 Nf6 19. Qh3 h5 20. f3 Bh6 21. e4 Qb5 22. Qf5 Qxb2 23. Rb1 Qxc3 24. e5 Qe3+ 25. Kd1 g4 26. f4 dxe5 27. Qxe5 Qxe5 28. dxe5 Nd5 29. Kc2 h4 30. Bxh4 Bxf4 31. g3 Bxe5 32. Nc4 Bf6 33. Bxf6 exf6 34. Rb7+ Kg6 35. Kd3 a5 36. Kd4 Nb4 37. a3 c5+ 38. Kxc5 Rac8+ 39. Kb5 Rh5+ 40. Ka4 Nd3 41. Rb5 Rxc4+ 42. Kxa5 Rh8 43. Rd5 Rc3 44. a4 Rb3 45. Rb5 Ra3 46. Rd5 Ra8+ 47. Kb5 Rb8+ 48. Ka5 Rb4 49. Rb5 Raxa4+ 50. Kb6 Rxb5+ 51. Kxb5 Ra2 52. Kc4 Ne5+ 53. Kd5 Rg2 54. Ke4 Nf3 55. h3 Ng5+ 56. Kf4 gxh3 57. Kg4 h2 58. Kh4 Rg1 0-1

[Event "45th FIDE Olympiad 2024"]
[Site "Budapest"]
[Date "2024.09.13"]
[Round "3.176"]
[White "Xhembulla, Aleksander"]
[Black "Shiferaw, Yalemzewde Mekonnen"]
[Result "1-0"]
[ECO "B11"]
[WhiteElo "2169"]
[BlackElo "2025"]
[Annotator "RC"]
[PlyCount "91"]
[EventDate "2024.09.05"]
[EventType "team-tourn"]
[EventCountry "HUN"]
[SourceTitle "playchess.com"]
[Source "ChessBase"]
[SourceQuality "1"]
[WhiteTeam "Albania"]
[BlackTeam "Ethiopia"]
[WhiteTeamCountry "ALB"]
[BlackTeamCountry "ETH"]
[TimeControl "40/5400+30:1800+30"]

1. e4 c6 2. Nc3 d5 3. Nf3 Nf6 4. e5 Ne4 5. Ne2 Bg4 6. Nfg1 Bxe2 7. Bxe2 Nc5 8. d4 Ne6 9. f4 Qb6 10. c3 Nc7 11. f5 Nd7 12. Nf3 e6 13. fxe6 Nxe6 14. O-O Be7 15. Bd3 g6 16. Bh6 c5 17. Kh1 O-O-O 18. a3 c4 19. Bc2 Kb8 20. Qd2 Bf8 21. Be3 h6 22. Rab1 Rc8 23. b3 Qa6 24. b4 Bg7 25. a4 Qb6 26. Rf2 Rcf8 27. Rbf1 Nd8 28. Bf4 Ne6 29. Bg3 Qd8 30. Ng1 Qe7 31. Ne2 g5 32. h3 h5 33. Bh2 h4 34. Bf5 Ka8 35. Ng1 Bh6 36. Qe2 Nf4 37. Qf3 f6 38. e6 Nb6 39. a5 Na4 40. Bxf4 gxf4 41. Ra1 b5 42. Qxd5+ Qb7 43. Qf3 Qxf3 44. Rxf3 Rhg8 45. Re1 Rg7 46. d5 1-0

[Event "45th FIDE Olympiad 2024"]
[Site "Budapest"]
[Date "2024.09.13"]
[Round "3.177"]
[White "Greet, Andrew N"]
[Black "Almedina Ortiz, Edgardo J."]
[Result "1-0"]
[ECO "E91"]
[WhiteElo "2405"]
[BlackElo "2196"]
[Annotator "RC"]
[PlyCount "67"]
[EventDate "2024.09.05"]
[EventType "team-tourn"]
[EventCountry "HUN"]
[SourceTitle "playchess.com"]
[Source "ChessBase"]
[SourceQuality "1"]
[WhiteTeam "Scotland"]
[BlackTeam "Puerto Rico"]
[WhiteTeamCountry "SCO"]
[BlackTeamCountry "PUR"]
[TimeControl "40/5400+30:1800+30"]

1. c4 Nf6 2. Nf3 d6 3. d4 g6 4. Nc3 Bg7 5. e4 O-O 6. Be2 Bg4 7. Be3 Nfd7 8. h3 Bxf3 9. Bxf3 Nc6 10. h4 e5 11. d5 Nd4 12. h5 c5 13. hxg6 hxg6 14. Qd2 Qe7 15. O-O-O a6 16. Rh3 f6 17. Bh6 g5 18. Rdh1 Rfb8 19. Bg4 Nf8 20. Bxg7 Qxg7 21. Be6+ Nfxe6 22. dxe6 Re8 23. Nd5 Rxe6 24. Nc7 Ree8 25. Qd1 g4 26. Rh4 f5 27. Rh8+ Qxh8 28. Rxh8+ Kxh8 29. exf5 Rg8 30. Nxa8 Rxa8 31. Qxg4 Rf8 32. Qh5+ Kg7 33. Qg6+ Kh8 34. f6 1-0

[Event "45th FIDE Olympiad 2024"]
[Site "Budapest"]
[Date "2024.09.13"]
[Round "3.178"]
[White "Rodriguez Santiago, Jaime"]
[Black "Waldhausen Gordon, Frederick"]
[Result "0-1"]
[ECO "A36"]
[WhiteElo "2002"]
[BlackElo "2351"]
[Annotator "RC"]
[PlyCount "138"]
[EventDate "2024.09.05"]
[EventType "team-tourn"]
[EventCountry "HUN"]
[SourceTitle "playchess.com"]
[Source "ChessBase"]
[SourceQuality "1"]
[WhiteTeam "Puerto Rico"]
[BlackTeam "Scotland"]
[WhiteTeamCountry "PUR"]
[BlackTeamCountry "SCO"]
[TimeControl "40/5400+30:1800+30"]

1. c4 c5 2. Nc3 Nc6 3. g3 g6 4. Bg2 Bg7 5. e4 a6 6. Nge2 b5 7. cxb5 axb5 8. Nxb5 Ba6 9. Nec3 Bxc3 10. Nxc3 Nb4 11. Bf1 Bd3 12. Bxd3 Nxd3+ 13. Kf1 Qc8 14. Kg2 c4 15. Qe2 f5 16. b3 Nf6 17. f3 fxe4 18. Nxe4 O-O 19. Rf1 Qa6 20. bxc4 Qxc4 21. Nxf6+ Rxf6 22. Qe4 d5 23. Qxe7 Rf7 24. Qe6 Ra6 25. Qe8+ Rf8 26. Qe7 d4 27. Ba3 Rf7 28. Qd8+ Kg7 29. Bd6 Qc2 30. Be5+ Nxe5 31. Qxd4 Re6 32. Rae1 Rd7 33. Qxd7+ Nxd7 34. Rxe6 Qxd2+ 35. Rf2 Qb4 36. Rfe2 Nf6 37. Re7+ Kh6 38. R7e5 Qd4 39. h3 Nd5 40. R5e4 Qd3 41. a4 Kg7 42. Re1 h5 43. h4 Kh6 44. Kf2 Nc3 45. Re8 Qd4+ 46. Kg2 Nxa4 47. R8e4 Qb2+ 48. R1e2 Qb3 49. R4e3 Nc3 50. Rd2 Qb4 51. Red3 Nb1 52. Re2 Qc4 53. Rde3 Nc3 54. Rc2 Nd5 55. Rce2 Nxe3+ 56. Rxe3 Qc2+ 57. Kg1 Qc1+ 58. Kf2 Qh1 59. f4 Qh2+ 60. Kf3 Qg1 61. Re2 Kg7 62. Rg2 Qh1 63. Kf2 Kf6 64. Rg1 Qc6 65. Rg2 Kf5 66. Kg1 Kg4 67. Kh2 Qf3 68. Rg1 Qf2+ 69. Rg2 Qf1 0-1

[Event "45th FIDE Olympiad 2024"]
[Site "Budapest"]
[Date "2024.09.13"]
[Round "3.179"]
[White "Abdulla, Murad"]
[Black "Boggiano Pereira, Miguel A."]
[Result "1-0"]
[ECO "B23"]
[WhiteElo "2312"]
[BlackElo "2015"]
[Annotator "RC"]
[PlyCount "55"]
[EventDate "2024.09.05"]
[EventType "team-tourn"]
[EventCountry "HUN"]
[SourceTitle "playchess.com"]
[Source "ChessBase"]
[SourceQuality "1"]
[WhiteTeam "Scotland"]
[BlackTeam "Puerto Rico"]
[WhiteTeamCountry "SCO"]
[BlackTeamCountry "PUR"]
[TimeControl "40/5400+30:1800+30"]

1. e4 c5 2. Nc3 d6 3. f4 g6 4. Nf3 Bg7 5. Bb5+ Bd7 6. Bc4 Nc6 7. O-O e6 8. f5 gxf5 9. exf5 Nf6 10. Ng5 d5 11. fxe6 Bxe6 12. Be2 Qd7 13. Nxe6 fxe6 14. Bh5+ Kd8 15. d3 Nd4 16. Bg5 Rf8 17. Qd2 Kc8 18. Bf3 Nxf3+ 19. Rxf3 d4 20. Bxf6 dxc3 21. Qxc3 Rxf6 22. Rxf6 Bxf6 23. Qxf6 Kc7 24. Rf1 Re8 25. Qe5+ Kc6 26. Qe4+ Qd5 27. Qa4+ b5 28. Qa6+ 1-0

[Event "45th FIDE Olympiad 2024"]
[Site "Budapest"]
[Date "2024.09.13"]
[Round "3.180"]
[White "Mejias Nunez, Rafael E."]
[Black "Gourlay, Iain"]
[Result "0-1"]
[ECO "B32"]
[WhiteElo "2026"]
[BlackElo "2296"]
[Annotator "RC"]
[PlyCount "60"]
[EventDate "2024.09.05"]
[EventType "team-tourn"]
[EventCountry "HUN"]
[SourceTitle "playchess.com"]
[Source "ChessBase"]
[SourceQuality "1"]
[WhiteTeam "Puerto Rico"]
[BlackTeam "Scotland"]
[WhiteTeamCountry "PUR"]
[BlackTeamCountry "SCO"]
[TimeControl "40/5400+30:1800+30"]

1. e4 c5 2. Nf3 Nc6 3. d4 cxd4 4. Nxd4 e5 5. Nb5 d6 6. N1c3 a6 7. Na3 Be7 8. Be2 b5 9. Nd5 Nf6 10. Be3 Rb8 11. f3 O-O 12. O-O Nxd5 13. Qxd5 Nd4 14. Bxd4 exd4 15. Qxd4 Bf6 16. Qe3 Bxb2 17. Rab1 Qf6 18. Rfd1 Be6 19. c4 bxc4 20. Nc2 d5 21. exd5 Bf5 22. Rxb2 Qxb2 23. Nd4 Rbe8 24. Qf2 c3 25. Bf1 Bg6 26. Nb3 Bc2 27. Rd4 Bxb3 28. axb3 c2 29. Rd2 Rc8 30. d6 Qb1 0-1

[Event "45th FIDE Olympiad 2024"]
[Site "Budapest"]
[Date "2024.09.13"]
[Round "3.181"]
[White "Oatlhotse, Providence"]
[Black "Tran, Thanh Tu"]
[Result "0-1"]
[ECO "E04"]
[WhiteElo "2239"]
[BlackElo "2387"]
[Annotator "RC"]
[PlyCount "147"]
[EventDate "2024.09.05"]
[EventType "team-tourn"]
[EventCountry "HUN"]
[SourceTitle "playchess.com"]
[Source "ChessBase"]
[SourceQuality "1"]
[WhiteTeam "Botswana"]
[BlackTeam "Japan"]
[WhiteTeamCountry "BOT"]
[BlackTeamCountry "JPN"]
[TimeControl "40/5400+30:1800+30"]

1. d4 Nf6 2. c4 e6 3. Nf3 d5 4. g3 dxc4 5. Bg2 c5 6. O-O Nc6 7. Ne5 Bd7 8. Nxc4 cxd4 9. Bf4 Be7 10. Nd6+ Kf8 11. Nxb7 Qb6 12. Nd6 Qc5 13. Nd2 e5 14. N6e4 Nxe4 15. Nxe4 Qb6 16. Bg5 f6 17. Bc1 Rd8 18. Nd2 Be6 19. b3 g5 20. Nc4 Qa6 21. Bd2 Kg7 22. Rc1 Nb4 23. Bxb4 Bxb4 24. Qd3 Qb5 25. f4 exf4 26. gxf4 h6 27. Qg3 Qb8 28. Be4 Bd5 29. Bxd5 Rxd5 30. Qf3 Qd8 31. Rcd1 Rd7 32. Rd3 Re8 33. Qh5 Rh8 34. Rdf3 d3 35. exd3 Rxd3 36. f5 Rxf3 37. Qxf3 Bc5+ 38. Kg2 Re8 39. Rd1 Qc7 40. Rd2 Re1 41. Rd1 Rxd1 42. Qxd1 Qf7 43. h3 h5 44. Qf3 Qe8 45. Kf1 Kh6 46. a3 Qd7 47. Ke2 Qd4 48. Qa8 g4 49. h4 Kg7 50. Qb7+ Kg8 51. Qc8+ Kf7 52. Qe6+ Kg7 53. b4 Bf8 54. Nd2 g3 55. Qe3 Qxh4 56. Qxa7+ Kg8 57. Qb7 Qh2+ 58. Kd3 g2 59. Qd5+ Kh8 60. Nf3 Qg3 61. Kc2 Bg7 62. Qf7 Qf2+ 63. Kb1 g1=Q+ 64. Nxg1 Qxg1+ 65. Kb2 Qf2+ 66. Kb3 Qxf5 67. a4 Qd3+ 68. Ka2 Qe2+ 69. Kb3 h4 70. Qd7 Qf3+ 71. Kc4 h3 72. b5 h2 73. Qc6 h1=Q 74. Kd4 0-1

[Event "45th FIDE Olympiad 2024"]
[Site "Budapest"]
[Date "2024.09.13"]
[Round "3.182"]
[White "Nanjo, Ryosuke"]
[Black "Notha, Moakofi"]
[Result "1/2-1/2"]
[ECO "D36"]
[WhiteElo "2372"]
[BlackElo "1996"]
[Annotator "RC"]
[PlyCount "107"]
[EventDate "2024.09.05"]
[EventType "team-tourn"]
[EventCountry "HUN"]
[SourceTitle "playchess.com"]
[Source "ChessBase"]
[SourceQuality "1"]
[WhiteTeam "Japan"]
[BlackTeam "Botswana"]
[WhiteTeamCountry "JPN"]
[BlackTeamCountry "BOT"]
[TimeControl "40/5400+30:1800+30"]

1. Nf3 Nf6 2. c4 e6 3. Nc3 d5 4. d4 Be7 5. Bg5 Nbd7 6. cxd5 exd5 7. e3 O-O 8. Bd3 Re8 9. O-O c6 10. Qc2 Nf8 11. Rfe1 Ne4 12. Bxe7 Qxe7 13. Bxe4 dxe4 14. Nd2 f5 15. f3 exf3 16. Nxf3 Ng6 17. e4 f4 18. e5 Be6 19. Ne4 Rad8 20. Qc5 a6 21. Qxe7 Rxe7 22. Nd6 h6 23. a3 Red7 24. Nd2 Bd5 25. N2e4 b6 26. Nc3 Bb3 27. Rac1 c5 28. dxc5 bxc5 29. Nce4 Nxe5 30. Nxc5 Rxd6 31. Rxe5 Rd1+ 32. Re1 Rxe1+ 33. Rxe1 Bc4 34. Rc1 Be2 35. Rc2 Rd1+ 36. Kf2 Bb5 37. Kf3 g5 38. h4 Kf7 39. hxg5 hxg5 40. Ne4 Kg6 41. Rd2 Rxd2 42. Nxd2 Kf5 43. g3 Bc6+ 44. Kf2 Kg4 45. gxf4 Kxf4 46. b4 Bd5 47. Nb1 g4 48. Nc3 g3+ 49. Kg1 Bc6 50. a4 Ke3 51. b5 axb5 52. axb5 Bxb5 53. Nxb5 g2 54. Kxg2 1/2-1/2

[Event "45th FIDE Olympiad 2024"]
[Site "Budapest"]
[Date "2024.09.13"]
[Round "3.183"]
[White "Monnaatsheko, Keletshabile"]
[Black "Aoshima, Mirai"]
[Result "0-1"]
[ECO "B13"]
[WhiteElo "2064"]
[BlackElo "2385"]
[Annotator "RC"]
[PlyCount "132"]
[EventDate "2024.09.05"]
[EventType "team-tourn"]
[EventCountry "HUN"]
[SourceTitle "playchess.com"]
[Source "ChessBase"]
[SourceQuality "1"]
[WhiteTeam "Botswana"]
[BlackTeam "Japan"]
[WhiteTeamCountry "BOT"]
[BlackTeamCountry "JPN"]
[TimeControl "40/5400+30:1800+30"]

1. e4 c6 2. d4 d5 3. exd5 cxd5 4. Bd3 Nc6 5. c3 Qc7 6. Ne2 Bg4 7. f3 Bh5 8. Nf4 Nf6 9. Na3 e6 10. Nb5 Qb8 11. a4 a6 12. Na3 Bg6 13. Nxg6 hxg6 14. f4 Bd6 15. Qf3 O-O 16. g4 b5 17. h4 Re8 18. Kf1 e5 19. dxe5 Bxe5 20. fxe5 Nxe5 21. Qg3 Nfxg4 22. Be2 Nf6 23. Nc2 Ne4 24. Qh3 Nc4 25. Rg1 Ned2+ 26. Bxd2 Nxd2+ 27. Ke1 Qf4 28. Nd4 Ne4 29. Nf3 Qe3 30. Rg2 Nxc3 31. Ng1 Qxh3 32. Nxh3 Nxa4 33. Rb1 d4 34. Kd2 Nc5 35. Bf3 Nb3+ 36. Kc2 Rac8+ 37. Kxb3 Re3+ 38. Kb4 Rxf3 39. Ng5 Rf4 40. Rh2 d3+ 41. Ka5 Rc6 42. b3 f6 43. Nh3 Rxh4 44. Rhh1 d2 45. Nf2 Rd4 46. Rhd1 g5 47. Rb2 Rcd6 48. Nh1 g6 49. Ng3 f5 50. Nf1 g4 51. Rdxd2 Rxd2 52. Nxd2 Kg7 53. b4 g5 54. Nb3 Kg6 55. Nc5 g3 56. Rg2 f4 57. Ne4 Rd4 58. Nxg3 fxg3 59. Rxg3 Kf5 60. Rb3 g4 61. Kxa6 Rd5 62. Rc3 Ke4 63. Kb6 Rg5 64. Rc1 g3 65. Re1+ Kf3 66. Ka5 g2 0-1

[Event "45th FIDE Olympiad 2024"]
[Site "Budapest"]
[Date "2024.09.13"]
[Round "3.184"]
[White "Yamada, Kohei"]
[Black "Oratile, Kgotlane"]
[Result "1-0"]
[ECO "B39"]
[WhiteElo "2178"]
[BlackElo "1975"]
[Annotator "RC"]
[PlyCount "103"]
[EventDate "2024.09.05"]
[EventType "team-tourn"]
[EventCountry "HUN"]
[SourceTitle "playchess.com"]
[Source "ChessBase"]
[SourceQuality "1"]
[WhiteTeam "Japan"]
[BlackTeam "Botswana"]
[WhiteTeamCountry "JPN"]
[BlackTeamCountry "BOT"]
[TimeControl "40/5400+30:1800+30"]

1. e4 c5 2. Nf3 g6 3. d4 cxd4 4. Nxd4 Nc6 5. c4 Nf6 6. Nc3 d6 7. f3 Nxd4 8. Qxd4 Bg7 9. Be3 O-O 10. Qd2 Be6 11. Rc1 a5 12. b3 Nd7 13. Be2 Nc5 14. O-O Qb6 15. Nb5 Rfc8 16. Kh1 Bd7 17. Rfd1 Qd8 18. Rb1 Bc6 19. Qe1 Qe8 20. Qf2 Ne6 21. Na7 Rcb8 22. Bb6 a4 23. b4 a3 24. b5 Bd7 25. Rb3 Bb2 26. f4 Qf8 27. Rg3 Qh6 28. Be3 Nf8 29. b6 Ba4 30. Rf1 Qg7 31. Bd1 Bxd1 32. Rxd1 Qc3 33. Qe2 Qb4 34. Bg1 Ne6 35. Rb3 Qa4 36. Qc2 Qa5 37. Rb5 Qc3 38. Qxc3 Bxc3 39. f5 Nd8 40. Rb3 Bb2 41. c5 Nc6 42. cxd6 exd6 43. Nxc6 bxc6 44. Rxd6 Ra4 45. b7 Rc4 46. Rd1 Be5 47. Ba7 Rc2 48. Bxb8 Bxb8 49. Rxa3 Rb2 50. f6 h5 51. Ra8 Rxb7 52. Rd8+ 1-0

[Event "45th FIDE Olympiad 2024"]
[Site "Budapest"]
[Date "2024.09.13"]
[Round "3.185"]
[White "Zhakshylykov, Erzhan"]
[Black "Mafaaz, Khalid"]
[Result "1-0"]
[ECO "A06"]
[WhiteElo "2327"]
[BlackElo "2069"]
[Annotator "RC"]
[PlyCount "138"]
[EventDate "2024.09.05"]
[EventType "team-tourn"]
[EventCountry "HUN"]
[SourceTitle "playchess.com"]
[Source "ChessBase"]
[SourceQuality "1"]
[WhiteTeam "Kyrgyzstan"]
[BlackTeam "Pakistan"]
[WhiteTeamCountry "KGZ"]
[BlackTeamCountry "PAK"]
[TimeControl "40/5400+30:1800+30"]

1. Nf3 Nf6 2. b3 d5 3. Bb2 c5 4. e3 g6 5. c4 dxc4 6. Bxc4 Bg7 7. Be2 O-O 8. Na3 b6 9. O-O Bb7 10. d4 Na6 11. Nb5 Qb8 12. Ne5 Rd8 13. Bc4 e6 14. Qe2 cxd4 15. Bxd4 Nb4 16. Qb2 a6 17. Nc3 b5 18. Be2 Nc6 19. Nxc6 Bxc6 20. Rfd1 e5 21. Bc5 Qb7 22. f3 b4 23. Na4 Nd7 24. Rac1 e4 25. Bd4 exf3 26. gxf3 Bxd4 27. Rxd4 Re8 28. Qd2 Ne5 29. e4 Bb5 30. Nc5 Qa7 31. f4 Nc6 32. Rd7 Qb6 33. Bxb5 Qxb5 34. Qd5 Rf8 35. Nd3 Qxd5 36. Rxd5 Ne7 37. Re5 Rfd8 38. Nxb4 Kf8 39. Rc7 Rd1+ 40. Kf2 Ng8 41. Rd5 Ra1 42. Rdd7 Nh6 43. Rd2 a5 44. Nd5 a4 45. b4 Rb1 46. a3 Rb3 47. Rc3 f5 48. e5 g5 49. e6 Ng4+ 50. Kf3 Rc8 51. Rxb3 axb3 52. Ke2 gxf4 53. Nxf4 Ne5 54. Nd5 Nc4 55. Rd3 b2 56. Rb3 f4 57. b5 Rc5 58. b6 f3+ 59. Rxf3+ Ke8 60. Rb3 Rxd5 61. b7 Rd2+ 62. Ke1 Rd8 63. b8=Q Rxb8 64. Rxb8+ Ke7 65. Rb4 Kxe6 66. Ke2 Nxa3 67. Rxb2 Nc4 68. Rb7 h6 69. Rh7 Kd5 1-0

[Event "45th FIDE Olympiad 2024"]
[Site "Budapest"]
[Date "2024.09.13"]
[Round "3.186"]
[White "Amer, Karim"]
[Black "Khoroshev, Nikita"]
[Result "0-1"]
[ECO "D32"]
[WhiteElo "2081"]
[BlackElo "2355"]
[Annotator "RC"]
[PlyCount "114"]
[EventDate "2024.09.05"]
[EventType "team-tourn"]
[EventCountry "HUN"]
[SourceTitle "playchess.com"]
[Source "ChessBase"]
[SourceQuality "1"]
[WhiteTeam "Pakistan"]
[BlackTeam "Kyrgyzstan"]
[WhiteTeamCountry "PAK"]
[BlackTeamCountry "KGZ"]
[TimeControl "40/5400+30:1800+30"]

1. d4 d5 2. c4 e6 3. Nc3 c5 4. cxd5 cxd4 5. Qxd4 Nc6 6. Qa4 exd5 7. e3 Nf6 8. Nf3 Bc5 9. Be2 O-O 10. O-O Qe7 11. Rd1 Rd8 12. a3 Bb6 13. Qh4 Bg4 14. Nd4 Bxd4 15. exd4 Bxe2 16. Re1 Ne4 17. Qxe7 Nxe7 18. Rxe2 Nxc3 19. Rxe7 Re8 20. Rxe8+ Rxe8 21. Be3 Na4 22. b3 Nb6 23. Rc1 Rc8 24. Rc5 a6 25. Bd2 f6 26. Kf1 Kf7 27. Ke2 Ke6 28. Kd3 h5 29. h4 Rxc5 30. dxc5 Nd7 31. b4 Ne5+ 32. Kc3 Kd7 33. a4 Kc6 34. Kd4 Ng6 35. g3 Ne7 36. Bf4 Nf5+ 37. Kd3 a5 38. Kc3 axb4+ 39. Kxb4 Nd4 40. Bd6 f5 41. Bf8 Ne6 42. Be7 f4 43. a5 g6 44. Bd6 fxg3 45. fxg3 d4 46. Kc4 d3 47. Kc3 Kd5 48. Bb8 Nxc5 49. Ba7 d2 50. Kxd2 Nb3+ 51. Ke3 Nxa5 52. Kf4 b5 53. Kg5 b4 54. Be3 Ke4 55. Bc1 Kf3 56. g4 hxg4 57. Bb2 Nc6 0-1

[Event "45th FIDE Olympiad 2024"]
[Site "Budapest"]
[Date "2024.09.13"]
[Round "3.187"]
[White "Orozbaev, Eldiyar"]
[Black "Momin, Fayzan"]
[Result "1-0"]
[ECO "B55"]
[WhiteElo "2376"]
[BlackElo "2064"]
[Annotator "RC"]
[PlyCount "59"]
[EventDate "2024.09.05"]
[EventType "team-tourn"]
[EventCountry "HUN"]
[SourceTitle "playchess.com"]
[Source "ChessBase"]
[SourceQuality "1"]
[WhiteTeam "Kyrgyzstan"]
[BlackTeam "Pakistan"]
[WhiteTeamCountry "KGZ"]
[BlackTeamCountry "PAK"]
[TimeControl "40/5400+30:1800+30"]

1. e4 c5 2. Nf3 d6 3. d4 cxd4 4. Nxd4 Nf6 5. Bd3 Nc6 6. Be3 d5 7. Nxc6 bxc6 8. e5 Ng4 9. Bd4 Qc7 10. Qe2 Nh6 11. Bc5 g6 12. Nc3 Bg7 13. f4 O-O 14. O-O Be6 15. h3 Rfe8 16. g4 f5 17. g5 Nf7 18. Qf2 h5 19. gxh6 Bxh6 20. Ne2 Bc8 21. Kh1 e6 22. Rg1 Kh7 23. Rg2 Rg8 24. Rag1 Qd8 25. Nd4 Qe8 26. Qh4 Bd7 27. Nf3 Nh8 28. Be7 Rg7 29. Bf6 c5 30. Ng5+ 1-0

[Event "45th FIDE Olympiad 2024"]
[Site "Budapest"]
[Date "2024.09.13"]
[Round "3.188"]
[White "Mudasir, Iqbal"]
[Black "Abdyzhapar, Asylbek"]
[Result "0-1"]
[ECO "A48"]
[WhiteElo "2055"]
[BlackElo "2357"]
[Annotator "RC"]
[PlyCount "102"]
[EventDate "2024.09.05"]
[EventType "team-tourn"]
[EventCountry "HUN"]
[SourceTitle "playchess.com"]
[Source "ChessBase"]
[SourceQuality "1"]
[WhiteTeam "Pakistan"]
[BlackTeam "Kyrgyzstan"]
[WhiteTeamCountry "PAK"]
[BlackTeamCountry "KGZ"]
[TimeControl "40/5400+30:1800+30"]

1. d4 Nf6 2. Nf3 g6 3. Bf4 Bg7 4. e3 d6 5. h3 O-O 6. Be2 c5 7. c3 Nc6 8. Nbd2 cxd4 9. exd4 e5 10. dxe5 dxe5 11. Nxe5 Nd5 12. Nxc6 bxc6 13. Bg3 Re8 14. O-O Bxc3 15. Nc4 Bxb2 16. Nxb2 Nc3 17. Qxd8 Nxe2+ 18. Kh2 Rxd8 19. Be5 Rd5 20. f4 Ba6 21. Rf3 Bb5 22. a4 Ba6 23. Nd1 h5 24. Nf2 f5 25. h4 c5 26. Rb1 Rc8 27. Nd1 Rd7 28. Nc3 Nd4 29. Rf2 Nc6 30. Bf6 Kf7 31. Bg5 Bd3 32. Rd1 Rb8 33. Rfd2 c4 34. Nb5 Rbb7 35. Na3 Nb8 36. Rc1 Rb4 37. a5 a6 38. Kg1 Ra4 39. Rc3 Ke6 40. Rd1 Kf7 41. Rdc1 Rd4 42. Nc2 Bxc2 43. R3xc2 Nc6 44. Rb2 Rb4 45. Re2 Rb5 46. Rce1 Re4 47. Rxe4 fxe4 48. Rc1 Nxa5 49. Kf2 Ke6 50. Ke3 Kf5 51. Kd4 Nb3+ 0-1

[Event "45th FIDE Olympiad 2024"]
[Site "Budapest"]
[Date "2024.09.13"]
[Round "3.189"]
[White "Kao, Jamison Edrich"]
[Black "Saraci, Nderim"]
[Result "0-1"]
[ECO "C49"]
[WhiteElo "2125"]
[BlackElo "2446"]
[Annotator "RC"]
[PlyCount "126"]
[EventDate "2024.09.05"]
[EventType "team-tourn"]
[EventCountry "HUN"]
[SourceTitle "playchess.com"]
[Source "ChessBase"]
[SourceQuality "1"]
[WhiteTeam "Hong Kong, China"]
[BlackTeam "Kosovo"]
[BlackTeamCountry "KOS"]
[TimeControl "40/5400+30:1800+30"]

1. e4 e5 2. Nf3 Nc6 3. Nc3 Nf6 4. Bb5 Bb4 5. O-O O-O 6. d3 d6 7. Ne2 Ne7 8. c3 Ba5 9. Ng3 c6 10. Ba4 Ng6 11. Re1 Re8 12. h3 h6 13. d4 exd4 14. Nxd4 d5 15. exd5 Rxe1+ 16. Qxe1 Qxd5 17. Be3 Nh4 18. Qf1 Bc7 19. Bb3 Qd8 20. Rd1 Qf8 21. Qc4 Ng6 22. Qe2 Bd7 23. Nh5 Nd5 24. Nb5 Be5 25. f4 Bxf4 26. Nxf4 Ngxf4 27. Bxf4 Nxf4 28. Qf2 Nd5 29. Nc7 Rd8 30. Nxd5 cxd5 31. Qxa7 Bc6 32. Qd4 Rd7 33. Re1 Rd8 34. Rd1 Rd7 35. Rd3 Qe7 36. Re3 Qf8 37. Kh1 Rd6 38. Rg3 g6 39. Re3 Re6 40. Bd1 Re4 41. Qd2 Qe7 42. Rxe4 dxe4 43. Qxh6 Qd6 44. Bg4 Qg3 45. Qd2 e3 46. Qe2 f5 47. Bf3 Bxf3 48. gxf3 f4 49. a4 Kg7 50. b4 Qxh3+ 51. Kg1 Qd7 52. Kf1 Qxa4 53. Qd3 Qc6 54. Ke2 Qe6 55. Qd4+ Qf6 56. Qd7+ Qf7 57. Qd4+ Kh7 58. c4 b5 59. cxb5 Qa2+ 60. Kd1 Qb1+ 61. Ke2 Qc2+ 62. Ke1 Qf2+ 63. Kd1 e2+ 0-1

[Event "45th FIDE Olympiad 2024"]
[Site "Budapest"]
[Date "2024.09.13"]
[Round "3.190"]
[White "Ondozi, Murtez"]
[Black "Lam, Daniel King Wai"]
[Result "1/2-1/2"]
[ECO "D59"]
[WhiteElo "2371"]
[BlackElo "2088"]
[Annotator "RC"]
[PlyCount "162"]
[EventDate "2024.09.05"]
[EventType "team-tourn"]
[EventCountry "HUN"]
[SourceTitle "playchess.com"]
[Source "ChessBase"]
[SourceQuality "1"]
[WhiteTeam "Kosovo"]
[BlackTeam "Hong Kong, China"]
[WhiteTeamCountry "KOS"]
[TimeControl "40/5400+30:1800+30"]

1. d4 d5 2. c4 e6 3. Nc3 Nf6 4. Nf3 Be7 5. Bg5 O-O 6. e3 h6 7. Bh4 b6 8. cxd5 Nxd5 9. Bg3 Bb7 10. Bd3 Nd7 11. e4 Nxc3 12. bxc3 c5 13. O-O Nf6 14. Qe2 Rc8 15. a4 cxd4 16. cxd4 Rc3 17. Be5 Nd7 18. Bf4 Nc5 19. Bc2 Nb3 20. Rad1 Qc8 21. Bd3 Rd8 22. Bd2 Nxd2 23. Qxd2 Qc7 24. Qe2 Bf6 25. d5 exd5 26. e5 Re8 27. Rfe1 d4 28. Be4 Bxe4 29. Qxe4 Rc5 30. Rxd4 Bxe5 31. g3 f6 32. Red1 Rc1 33. Rxc1 Qxc1+ 34. Kg2 Qc8 35. Rd3 Qa8 36. Qxa8 Rxa8 37. Nxe5 fxe5 38. Rd7 Rc8 39. Rxa7 Rc4 40. Kf3 h5 41. h4 Kh7 42. Ra6 Rb4 43. Ke3 b5 44. a5 Ra4 45. Ra8 g6 46. a6 Kg7 47. f3 Kh7 48. a7 Kg7 49. g4 hxg4 50. fxg4 Kh7 51. g5 Kg7 52. Rb8 Rxa7 53. Ke4 Rf7 54. Rxb5 Rf4+ 55. Kd5 Rxh4 56. Kxe5 Ra4 57. Rb7+ Kg8 58. Re7 Kf8 59. Rd7 Kg8 60. Ke6 Rf4 61. Rd6 Kg7 62. Rd5 Rf1 63. Re5 Rf2 64. Kd7 Rf1 65. Kd6 Rf2 66. Re7+ Kg8 67. Re6 Kg7 68. Re5 Rf1 69. Kc5 Rf2 70. Kd4 Rf1 71. Kd3 Rf2 72. Ke3 Rf1 73. Rd5 Rf8 74. Rd7+ Kg8 75. Ke4 Rf1 76. Rd3 Kg7 77. Rd7+ Kg8 78. Ke5 Rf2 79. Ke6 Rf1 80. Ke7 Rf5 81. Ke6 Rf1 1/2-1/2